 Dungeon Crawl Stone Soup version 0.30.0-30-g96aa6591b8 (webtiles) character file.

Game seed: 8529790608561475062

198 GimliDwarf the Skirmisher (level 5, 0/38 HPs)
             Began as a Gnoll Wanderer on June 27, 2023.
             Succumbed to a kobold brigand's curare-tipped dart
             ... in a sewer.
             The game lasted 00:05:43 (2237 turns).

GimliDwarf the Skirmisher (Gnoll Wanderer)          Turns: 2237, Time: 00:05:43

Health: 0/38       AC:  5    Str: 13    XL:     5   Next: 76%
Magic:  7/7        EV: 11    Int: 11    God:
Gold:   159        SH:  0    Dex: 12    Spells: 7/7 levels left

rFire   . . .        a - +2 sling
rCold   . . .        (no shield)
rNeg    . . .        e - +0 leather armour
rPois   .            x - +0 helmet
rElec   .            (no cloak)
rCorr   .            (no gloves)
SInv    .            w - +0 pair of boots
Will    .....        (no amulet)
Stlth   +            (no ring)
HPRegen 0.26/turn    (no ring)
MPRegen 0.10/turn

%: no passive effects
@: lethally poisoned (0 -> -6), slowed, invisible, very slow
A: fangs 1, strong nose, distributed training
a: no special abilities


You were in a sewer.
You visited 1 branch of the dungeon, and saw 3 of its levels.
You also visited: Sewer.

You collected 159 gold pieces.

Inventory:

Hand Weapons
 a - a +2 sling (weapon)
 k - a +2 mace of protection
Missiles
 i - 6 silver boomerangs
 j - 11 javelins
 m - a throwing net
Armour
 e - a +0 leather armour (worn)
 w - a +0 pair of boots (worn)
 x - a +0 helmet (worn)
Wands
 c - a wand of polymorph (3) (quivered)
Scrolls
 b - a scroll of fog
 g - 2 scrolls of enchant weapon {unknown}
 n - a scroll of teleportation {unknown}
 o - a scroll of noise {unknown}
 p - a scroll of immolation {unknown}
 q - a scroll of amnesia {unknown}
 t - a scroll of magic mapping {unknown}
Potions
 f - a potion of brilliance {unknown}
 h - 2 potions of might {unknown}
 l - 4 potions of curing {unknown}
 r - a potion of haste {unknown}
 s - a potion of attraction {unknown}
 u - a potion of flight {unknown}
 v - a potion of mutation {unknown}


   Skills:
 + Level 1.7 Fighting
 + Level 1.7 Short Blades
 + Level 1.7 Long Blades
 + Level 1.7 Axes
 + Level 1.7 Maces & Flails
 + Level 1.7 Polearms
 + Level 1.7 Staves
 + Level 10.5 Ranged Weapons
 + Level 3.1 Throwing
 + Level 1.7 Armour
 + Level 1.7 Dodging
 + Level 1.7 Stealth
 + Level 1.7 Shields
 + Level 1.7 Unarmed Combat
 + Level 1.7 Spellcasting
 + Level 1.3 Conjurations
 + Level 1.3 Hexes
 + Level 1.3 Summonings
 + Level 1.3 Necromancy
 + Level 1.3 Translocations
 + Level 1.3 Transmutations
 + Level 1.3 Fire Magic
 + Level 1.3 Ice Magic
 + Level 1.3 Air Magic
 + Level 1.3 Earth Magic
 + Level 1.3 Poison Magic
 + Level 1.9 Invocations
 + Level 8.7 Evocations


You had 7 spell levels left.
You didn't know any spells.
Your spell library contained the following spells:

 Spells                   Type           Power      Damage    Failure   Level
 Flame Wave               Conj/Fire      3%         2d5       91%         4
 Fireball                 Conj/Fire      1%         3d3       99%         5
 Ignition                 Fire           1%         3d3       100%        8


Dungeon Overview and Level Annotations

Branches:
Dungeon (3/15)              Sewer (1/1)

Altars:

Shops:
D:2 (


Innate Abilities, Weirdness & Mutations

You have very sharp teeth.
Your uncanny sense of smell can sniff out nearby items.
Your experience applies equally to all skills.


Message History

You shoot a sling bullet.
The sling bullet hits the kobold brigand.
The kobold brigand is moderately wounded.
You shoot a sling bullet.
The sling bullet hits the kobold brigand!
The kobold brigand is heavily wounded.
The kobold brigand throws a curare-tipped dart.
The curare-tipped dart barely misses you.
You shoot a sling bullet.
The sling bullet closely misses the kobold brigand.
The kobold brigand throws a curare-tipped dart.
The curare-tipped dart hits you.
You are poisoned.
You have difficulty breathing.
You feel yourself slow down.
You shoot a sling bullet.
The sling bullet closely misses the kobold brigand.
You feel very sick.
You shoot a sling bullet.
The sling bullet completely misses the kobold brigand.
You feel very sick.
You shoot a sling bullet.
The sling bullet barely misses the kobold brigand.
You feel very sick.
The kobold brigand throws a curare-tipped dart.
The curare-tipped dart hits you.
You are more poisoned.
You have difficulty breathing.
You feel as though you will be slow longer.
You are too injured to fight recklessly!
You are too injured to fight recklessly!
You fade into invisibility!
* * * LOW HITPOINT WARNING * * *
You feel very sick.
* * * LOW HITPOINT WARNING * * *
You feel very sick.
The kobold brigand throws a curare-tipped dart.
The curare-tipped dart barely misses you.
The kobold brigand throws a curare-tipped dart.
The curare-tipped dart completely misses you.
You die...

#~#
#~#
#~#
#~#
#)#
#K#
#~#
#~#
#@#
#~#
#~#
#~#
#~#
#~#
#~#
#~#
#~#


You could see a kobold brigand.

Vanquished Creatures
  2 orc wizards (D:3)
  3 gnolls (D:2)
  3 river rats
  2 adders
  A worm (D:2)
  A dart slug (D:2)
  2 orcs (D:3)
  5 endoplasms
  3 giant cockroaches
  6 goblins
  5 hobgoblins
  8 jackals
  2 quokkas (D:3)
  3 ball pythons
  5 bats
  3 frilled lizards (D:1)
  8 kobolds
  9 rats
71 creatures vanquished.

Notes
Turn   | Place    | Note
-------+----------+-------------------------------------------
     0 | D:1      | Reached skill level 10 in Ranged Weapons
     0 | D:1      | GimliDwarf the Gnoll Wanderer began the quest for the Orb.
     0 | D:1      | GimliDwarf set off with the following items: a +2 sling, a
                  | scroll of fog, a wand of polymorph (3), a potion of
                  | invisibility, a +0 leather armour.
     0 | D:1      | Reached XP level 1. HP: 13/13 MP: 1/1
   190 | D:1      | Reached XP level 2. HP: 19/19 MP: 2/2
   538 | D:1      | Reached XP level 3. HP: 25/25 MP: 3/3
   972 | D:2      | Reached skill level 1 in Invocations
  1001 | D:2      | Reached skill level 1 in Fighting
  1001 | D:2      | Reached skill level 1 in Short Blades
  1001 | D:2      | Reached skill level 1 in Long Blades
  1001 | D:2      | Reached skill level 1 in Axes
  1001 | D:2      | Reached skill level 1 in Maces & Flails
  1001 | D:2      | Reached skill level 1 in Polearms
  1001 | D:2      | Reached skill level 1 in Staves
  1001 | D:2      | Reached skill level 1 in Armour
  1001 | D:2      | Reached skill level 1 in Dodging
  1001 | D:2      | Reached skill level 1 in Stealth
  1001 | D:2      | Reached skill level 1 in Shields
  1001 | D:2      | Reached skill level 1 in Unarmed Combat
  1001 | D:2      | Reached skill level 1 in Spellcasting
  1398 | D:2      | Reached XP level 4. HP: 32/32 MP: 5/5
  1406 | D:2      | Reached skill level 1 in Conjurations
  1406 | D:2      | Reached skill level 1 in Hexes
  1406 | D:2      | Reached skill level 1 in Summonings
  1406 | D:2      | Reached skill level 1 in Necromancy
  1406 | D:2      | Reached skill level 1 in Translocations
  1406 | D:2      | Reached skill level 1 in Transmutations
  1406 | D:2      | Reached skill level 1 in Fire Magic
  1406 | D:2      | Reached skill level 1 in Ice Magic
  1406 | D:2      | Reached skill level 1 in Air Magic
  1406 | D:2      | Reached skill level 1 in Earth Magic
  1406 | D:2      | Reached skill level 1 in Poison Magic
  1435 | D:2      | Got the Notes on Anthracomancy
  1482 | D:2      | Found Mulasuun's Antique Weapon Shoppe.
  1760 | D:3      | Found a faded altar of an unknown god.
  1824 | D:3      | Reached XP level 5. HP: 20/37 MP: 5/7
  2068 | D:3      | Found a glowing drain.
  2096 | Sewer    | Entered a sewer
  2207 | Sewer    | Noticed a kobold brigand
  2237 | Sewer    | Succumbed to a kobold brigand's curare-tipped dart

Illustrated notes

Levels and vault maps discovered:
D:1:      dpeg_arrival_renting, layout_basic, minmay_tetromino_o2
D:2:      layout_basic, serial_shops, shop, minmay_liquid_box
D:3:      layout_rooms, gup_sewer_entry_bowl,
          dilly_ecumenical_altar_fadedgnrine, minmay_misc_feat_hallway,
          hangedman_glass_teeth
Sewer:    sewer_kobolds

Skill      XL: |  1  2  3  4  5 |
---------------+----------------+-----
Ranged Weapons | | 10.5
Invocations    | 1 |  1.9
Fighting       | 1 |  1.7
Short Blades   | 1 |  1.7
Long Blades    | 1 |  1.7
Axes           | 1 |  1.7
Maces & Flails | 1 |  1.7
Polearms       | 1 |  1.7
Staves         | 1 |  1.7
Armour         | 1 |  1.7
Dodging        | 1 |  1.7
Stealth        | 1 |  1.7
Shields        | 1 |  1.7
Unarmed Combat | 1 |  1.7
Spellcasting   | 1 |  1.7
Conjurations   | 1 |  1.3
Hexes          | 1 |  1.3
Summonings     | 1 |  1.3
Necromancy     | 1 |  1.3
Translocations | 1 |  1.3
Transmutations | 1 |  1.3
Fire Magic     | 1 |  1.3
Ice Magic      | 1 |  1.3
Air Magic      | 1 |  1.3
Earth Magic    | 1 |  1.3
Poison Magic   | 1 |  1.3
Throwing       | 3 |  3.1
Evocations     | |  8.7

Action                     |  1- 3 |  4- 6 || total
---------------------------+-------+-------++-------
   Fire: Sling             |   106 |   105 ||   211
    Use: Potion            |       |     1 ||     1
 Armour: Leather armour    |    14 |    10 ||    24
  Dodge: Dodged            |    28 |    28 ||    56
